 Dungeon Crawl Stone Soup version 0.16.2-12-gd0ad4c3 (webtiles) character file.

305 SlimeFever the Covered (level 6, -4/56 HPs)
             Began as a Deep Dwarf Fighter on Oct 1, 2015.
             Slain by an ogre
             ... wielding a +0 giant spiked club
              (18 damage)
             ... on level 4 of the Dungeon.
             The game lasted 00:20:01 (2476 turns).

SlimeFever the Covered (Deep Dwarf Fighter)         Turns: 2476, Time: 00:20:01

Health: -4/56      AC:  7    Str: 20    XL:     6   Next: 15%
Magic:  6/6        EV:  8    Int: 10    God:
Gold:   93         SH: 10    Dex: 12    Spells: 0 memorised, 5 levels left

rFire  . . .     SeeInvis +     b - -1 hunting sling (curse)
rCold  . . .     Clarity  .     s - +0 scale mail
rNeg   . . .     SustAb   .     c - +1 shield
rPois  .         Gourm    .     (no helmet)
rElec  .         Spirit   .     (no cloak)
rCorr  .         Warding  .     (no gloves)
rMut   .         Stasis   .     (no boots)
MR     .....                    (no amulet)
Stlth  +.........               w - ring of stealth
                                p - ring of see invisible

@: non-regenerating, not resistant to hostile enchantments, very unstealthy
A: damage resistance, recharge devices, sense surroundings 1, slow healing 3
a: Device Recharging


You were on level 4 of the Dungeon.
You were very hungry.

You visited 1 branch of the dungeon, and saw 4 of its levels.

You collected 93 gold pieces.

Inventory:

Hand weapons
 a - a +0 long sword
 b - a cursed -1 hunting sling (weapon)
Missiles
 l - 33 sling bullets (quivered)
 n - 69 stones
 r - 52 arrows
Armour
 c - a +1 shield (worn)
 s - a +0 scale mail (worn)
Jewellery
 h - an uncursed ring of ice
 p - a ring of see invisible (left hand)
 w - a ring of stealth (right hand)
Magical devices
 d - a wand of heal wounds (7)
Scrolls
 j - a scroll of identify
 m - 2 scrolls of amnesia
Potions
 e - 2 potions of might
 g - a potion of magic {unknown}
 i - 2 potions of brilliance
 q - a potion of haste
 t - a potion of poison {unknown}
 x - 2 potions of flight
Comestibles
 f - 5 bread rations
 o - a beef jerky
 v - a meat ration


   Skills:
 + Level 3.3 Fighting
 + Level 3.3 Long Blades
 + Level 0.2 Slings
 * Level 5.1 Armour
 + Level 2.3 Dodging
 + Level 4.4 Shields


You had 5 spell levels left.
You didn't know any spells.

Dungeon Overview and Level Annotations

Branches:
Dungeon (4/15)
 Temple: D:4-7

Altars:
Dithmenos
Makhleb
Xom


Innate Abilities, Weirdness & Mutations

You are resistant to damage.
You can recharge devices by infusing magical energy.
You passively map a small area around you.
You do not heal naturally.


Message History

You block the gnoll's attack. The worker ant bites you.
* * * LOW HITPOINT WARNING * * *
The ogre barely misses you. You block the worker ant's attack.
The gnoll hits you but does no damage.
Firing (i - inventory. (,) - cycle):
l - 35 sling bullets (quivered)
Press: ? - help, Shift-Dir - straight line, f/p - worker ant
Aim: a worker ant (heavily wounded)
You shoot a sling bullet. The sling bullet hits the worker ant.
The worker ant is severely wounded.
You block the ogre's attack. The worker ant barely misses you.
The gnoll hits you from afar with a spear.
Firing (i - inventory. (,) - cycle):
l - 34 sling bullets (quivered)
Press: ? - help, Shift-Dir - straight line, f/p - worker ant
Aim: a worker ant (severely wounded)
You shoot a sling bullet.
The sling bullet hits the worker ant but does no damage.
The worker ant is severely wounded.
The worker ant bites you but does no damage.
The ogre hits you with a giant spiked club!!
You die...

.g..S.#
#.###g# .g
*#g### ..,
#.O.#
.....##.#
##### ....#
#(#######...#
...#*
#gg)Sg.Sg...#
#.#*
#########O..#
## ##@## #a#
* #.# #.# #.#
#.# #.# #.# ,
#(#


You could see an ogre, a worker ant, a gnoll and a ball python.

Vanquished Creatures
  A water moccasin (D:4)
  An orc priest (D:3)
  An orc wizard (D:3)
  Robin (D:3)
  5 gnolls
  3 adders (D:2)
  A worm (D:3)
  2 giant geckos (D:2)
  2 orcs (D:3)
  15 goblins
  9 hobgoblins
  8 jackals (D:1)
  A ball python (D:1)
  4 bats
  2 giant cockroaches (D:3)
  2 giant newts
  7 kobolds
  4 rats
  4 plants
73 creatures vanquished.

Notes
Turn   | Place    | Note
--------------------------------------------------------------
     0 | D:1      | SlimeFever, the Deep Dwarf Fighter, began the quest for the Orb.
     0 | D:1      | Reached XP level 1. HP: 20/20 MP: 1/1
    62 | D:1      | Reached XP level 2. HP: 22/27 MP: 2/2
   945 | D:2      | Reached XP level 3. HP: 23/34 MP: 3/3
  1220 | D:2      | Found a shimmering altar of Xom.
  1220 | D:2      | Found a burning altar of Makhleb.
  1221 | D:2      | Found a shadowy altar of Dithmenos.
  1740 | D:2      | Reached skill level 4 in Shields
  1831 | D:3      | Reached XP level 4. HP: 22/42 MP: 4/4
  1844 | D:3      | Reached skill level 1 in Dodging
  1985 | D:3      | Reached XP level 5. HP: 33/49 MP: 5/5
  2241 | D:3      | Noticed Robin
  2275 | D:3      | Killed Robin
  2354 | D:4      | Noticed a water moccasin
  2369 | D:4      | Killed a water moccasin
  2369 | D:4      | Reached skill level 5 in Armour
  2369 | D:4      | Reached XP level 6. HP: 16/56 MP: 6/6
  2421 | D:4      | Noticed an ogre
  2476 | D:4      | Slain by an ogre

Action                   |  1- 3 |  4- 6 || total
-------------------------+-------+-------++-------
Melee: Long sword        |   253 |   115 ||   368
 Fire: Hunting sling     |       |    21 ||    21
Throw: Stone             |       |     1 ||     1
Evoke: Wand              |     1 |     2 ||     3
  Use: Scroll            |     7 |     2 ||     9
       Potion            |     2 |     1 ||     3
  Eat: Meat ration       |     1 |       ||     1
